 Dungeon Crawl Stone Soup version 0.29.1-1-gd02db69 (webtiles) character file.

Game seed: 5947132497860846878

186 Timinator the Insei (level 5, 0/41 HPs)
             Began as a Demigod Transmuter on Dec 19, 2022.
             Slain by a white imp (5 damage)
             ... on level 4 of the Dungeon.
             The game lasted 00:08:45 (3793 turns).

Timinator the Insei (Demigod Transmuter)            Turns: 3793, Time: 00:08:45

Health: 0/41       AC:  3    Str: 17    XL:     5   Next: 15%
Magic:  10/11      EV: 12    Int: 15    God:
Gold:   129        SH:  0    Dex: 18    Spells: 5/8 levels left

rFire   . . .      SeeInvis .     - Unarmed
rCold   . . .      Faith    .   (no shield)
rNeg    . . .      Spirit   .   m - +0 leather armour
rPois   .          Reflect  .   (helmet currently unavailable)
rElec   .          Harm     .   (no cloak)
rCorr   .          Rampage  .   (no gloves)
Will    .....                   (boots currently unavailable)
Stlth   +.........              (no amulet)
HPRegen 0.13/turn               d - +6 ring of strength
MPRegen 0.12/turn               (no ring)

@: appendages (expiring)
A: horns 2, talons 2, high MP 1, forlorn, divine attributes
a: End Transformation


You were on level 4 of the Dungeon.
You had temporarily grown beastly horns and talons.
You visited 1 branch of the dungeon, and saw 4 of its levels.

You collected 129 gold pieces.

Inventory:

Armour
 c - a +0 ring mail
 m - a +0 leather armour (worn)
Jewellery
 d - a +6 ring of strength (left hand)
Wands
 f - a wand of roots (11)
Scrolls
 e - a scroll of vulnerability {unknown}
 g - a scroll of identify {unknown}
 h - a scroll of poison {unknown}
 k - a scroll of enchant armour {unknown}
 l - a scroll of teleportation {unknown}
 o - a scroll of butterflies {unknown}
Potions
 a - 2 potions of flight {unknown}
 b - a potion of lignification
 i - 4 potions of curing {unknown}
 j - 2 potions of cancellation {unknown}
 n - a potion of heal wounds {unknown}
 p - a potion of might {unknown}


   Skills:
 * Level 2.1 Fighting
 * Level 1.5 Armour
 * Level 2.5 Dodging
 + Level 3.5 Unarmed Combat
 + Level 2.2 Spellcasting
 * Level 2.6 Transmutations


You had 5 spell levels left.
You knew the following spells:

 Your Spells              Type           Power      Damage    Failure   Level
a - Wereblood             Tmut           9%         N/A       13%         2
b - Beastly Appendage     Tmut           18%        N/A       9%          1

Your spell library contained the following spells:

 Spells                   Type           Power      Damage    Failure   Level
 Spider Form              Tmut/Pois      5%         N/A       41%         3
 Dazzling Flash           Conj/Hex       2%         N/A       61%         3
 Ice Form                 Ice/Tmut       5%         N/A       83%         4
 Agony                    Necr           1%         N/A       100%        5
 Silence                  Hex/Air        0%         N/A       100%        5


Dungeon Overview and Level Annotations

Branches:
Dungeon (4/15)
 Temple: D:4-7

Shops:
D:3 *([


Innate Abilities, Weirdness & Mutations

You have temporarily grown beastly horns and talons.
You have an increased reservoir of magic. (+10% MP)
You shall have no god before yourself.
Your divine heritage dramatically boosts your attributes as you level up.


Message History

You hit the white imp but do no damage.
The white imp is moderately wounded.
The white imp hits you. The white imp freezes you.
You hit the white imp.
The white imp is heavily wounded.
The white imp closely misses you.
You closely miss the white imp.
The white imp is heavily wounded.
You howl as the wereblood boils in your veins!
The white imp closely misses you.
You hit the white imp but do no damage.
The white imp is heavily wounded.
The white imp hits you but does no damage.
Casting: Wereblood (safe; 13% risk of failure)
Confirm with . or Enter, or press ? or * to list all spells.
You grow a pair of large bovine horns.
Your feet morph into talons.
The white imp gestures at you. The puff of frost misses you.
You barely miss the white imp. You claw the white imp.
You headbutt the white imp.
The white imp is heavily wounded.
Your primal bloodlust has ended.
The white imp misses you.
You hit the white imp.
The white imp is severely wounded.
The white imp misses you.
You hit the white imp.
You claw the white imp, but do no damage.
Your headbutt misses the white imp.
The white imp is almost dead.
Your transformation is almost over.
The white imp gestures at you. The puff of frost hits you!
* * * LOW HITPOINT WARNING * * *
You hit the white imp but do no damage. Your headbutt misses the white imp.
The white imp is almost dead.
The white imp hits you.
* * * LOW HITPOINT WARNING * * *
The white imp freezes you.
You die...

#..≈≈≈≈≈≈≈.....
#.........≈≈≈
#..........
#........#
#........#
#.......†#
#........#
#......5.#
#######@## #.# #.#
#.# #.# #.# #.#
#.# ######
################.#
#....#


You could see a white imp.

Vanquished Creatures
  A scorpion (D:3)
  5 adders
  3 worms
  2 dart slugs
  2 bats (D:1)
  10 endoplasms
  3 giant cockroaches
  11 goblins
  5 hobgoblins
  4 jackals (D:3)
  A quokka (D:2)
  6 ball pythons
  2 frilled lizards (D:3)
  4 kobolds
  7 rats
66 creatures vanquished.

Notes
Turn   | Place    | Note
-------+----------+-------------------------------------------
     0 | D:1      | Timinator the Demigod Transmuter began the quest for the
                  | Orb.
     0 | D:1      | Reached XP level 1. HP: 15/15 MP: 5/5
    91 | D:1      | Reached skill level 1 in Fighting
   229 | D:1      | Reached XP level 2. HP: 21/23 MP: 7/7
  1133 | D:2      | Reached XP level 3. HP: 12/28 MP: 8/8
  1448 | D:2      | Reached skill level 3 in Unarmed Combat
  2059 | D:2      | Reached skill level 1 in Armour
  2289 | D:3      | Found Usty's Armour Shop.
  2641 | D:3      | Reached XP level 4. HP: 36/36 MP: 7/9
  2970 | D:3      | Found Xucits's Weapon Shoppe.
  3045 | D:3      | Found Awuragg's Assorted Antiques.
  3148 | D:3      | Reached XP level 5. HP: 29/41 MP: 9/11
  3316 | D:3      | Learned a level 2 spell: Wereblood
  3793 | D:4      | Slain by a white imp

Illustrated notes

Levels and vault maps discovered:
D:1:      minmay_arrival_five_plusses, layout_basic, kennysheep_small_spiral
D:2:      kennysheep_the_goblin_king, layout_basic
D:3:      minmay_inner_zag, layout_basic, serial_shops, shop,
          nicolae_shop_behind_doors, shop, hex_intersection
D:4:      layout_basic, nicolae_overflow_squiral, minmay_temple_entry_water_ring

Skill      XL: |  1  2  3  4 |
---------------+-------------+-----
Fighting       | 1 2 |  2.1
Transmutations | 2 |  2.6
Dodging        | 2 |  2.5
Unarmed Combat | 3 |  3.5
Armour         | 1 |  1.5
Spellcasting   | 2 |  2.2

Action                   |  1- 3 |  4- 6 || total
-------------------------+-------+-------++-------
Melee: Unarmed           |   160 |    58 ||   218
       Kick              |    24 |    11 ||    35
       Headbutt          |    12 |     7 ||    19
       Punch             |     2 |     3 ||     5
 Cast: Beastly Appendage |    25 |     8 ||    33
       Wereblood         |       |     1 ||     1
  Use: Scroll            |       |     1 ||     1
 Stab: Sleeping          |       |     1 ||     1
Armor: Robe              |    17 |       ||    17
       Leather armour    |    11 |    12 ||    23
Dodge: Dodged            |    98 |    25 ||   123
